 Dungeon Crawl Stone Soup version 0.30-a0-424-g7412bad402 (webtiles) character file.

Game seed: 16839702975710568211

227 horus123 the Conjurer (level 6, 0/44 HPs)
             Began as a Human Reaver on Dec 9, 2022.
             Slain by Grinder (1 damage)
             ... on level 4 of the Dungeon.
             The game lasted 00:09:20 (3632 turns).

horus123 the Conjurer (Human Reaver)                Turns: 3632, Time: 00:09:21

Health: 0/44       AC:  5    Str: 12    XL:     6   Next: 22%
Magic:  12/12      EV: 12    Int: 16    God:
Gold:   91         SH:  0    Dex: 17    Spells: 7/13 levels left

rFire   . . .      SeeInvis .    a - +0 mace
rCold   . . .      Faith    .    (no shield)
rNeg    . . .      Spirit   .    b - +0 leather armour
rPois   .          Reflect  .    g - +0 helmet
rElec   .          Harm     .    m - +0 cloak
rCorr   .          Rampage  .    (no gloves)
Will    .....                    (no boots)
Stlth   +.........               (no amulet)
HPRegen 0.27/turn                j - +6 ring of dexterity
MPRegen 0.13/turn                (no ring)

@: no status effects
A: no striking features
a: no special abilities


You were on level 4 of the Dungeon.
You visited 1 branch of the dungeon, and saw 4 of its levels.

You collected 91 gold pieces.

Inventory:

Hand Weapons
 a - a +0 mace (weapon)
Missiles
 d - 2 atropa-tipped darts
Armour
 b - a +0 leather armour (worn)
 g - a +0 helmet (worn)
 m - a +0 cloak (worn)
Jewellery
 j - a +6 ring of dexterity (left hand)
Wands
 o - a wand of paralysis (5)
Scrolls
 e - 2 scrolls of teleportation
 f - 2 scrolls of blinking
 i - a scroll of vulnerability
 n - a scroll of immolation {unknown}
Potions
 h - a potion of magic {unknown}
 l - a potion of haste {unknown}
 p - a potion of degeneration {unknown}
 r - a potion of curing {unknown}


   Skills:
 - Level 2.0 Fighting
 - Level 3.0 Maces & Flails
 - Level 2.0 Dodging
 - Level 4.3 Spellcasting
 - Level 4.9 Conjurations


You had 7 spell levels left.
You knew the following spells:

 Your Spells              Type           Power      Damage    Failure   Level
a - Kiss of Death         Conj/Necr      44%        2d8       8%          1
b - Momentum Strike       Conj/Tloc      22%        3d8       12%         2
c - Hailstorm             Conj/Ice       11%        3d5       22%         3

Your spell library contained the following spells:

 Spells                   Type           Power      Damage    Failure   Level
 Frozen Ramparts          Ice            6%         1d1       54%         3
 Ice Form                 Ice/Tmut       3%         N/A       91%         4
 Summon Ice Beast         Ice/Summ       3%         N/A       91%         4


Dungeon Overview and Level Annotations

Branches:
Dungeon (4/15)
 Temple: D:4-7

Altars:
Dithmenos
Hepliaklqana
Uskayaw

Annotations:
D:4 Grinder


Message History

You hit Grinder but do no damage.
Grinder is severely wounded.
Grinder barely misses you. Grinder hits you!
You hit Grinder. You punch Grinder, but do no damage.
Grinder is severely wounded.
Grinder zaps a wand.
The puff of flame hits you!
You closely miss Grinder.
Grinder is severely wounded.
Grinder blinks!
Grinder zaps a wand.
The puff of flame hits you!
* * * LOW HITPOINT WARNING * * *
The now-empty wand crumbles to dust.
There is an open door here.
There is a shadowy altar of Dithmenos here.
Which direction?
You close the door.
Which direction?
You close the door.
There is an open door here.
Grinder opens the door.
You close the door.
You see here 7 stones.
Okay, then.
As you read the scroll of identify, it crumbles to dust.
k - a scroll of summoning Grinder opens the door.
Grinder misses you.
There is an open door here.
You hit Grinder.
Grinder is severely wounded.
Grinder gestures at you. Pain shoots through your body!
* * * LOW HITPOINT WARNING * * *
Grinder hits you.
* * * LOW HITPOINT WARNING * * *
You writhe in agony.
* * * LOW HITPOINT WARNING * * *
As you read the scroll of summoning, it crumbles to dust.
Wisps of shadow whirl around you... Grinder hits you.
You die...

###
#.######################.
#.......#................
#.#####.#w#########≈≈≈...
#.#...#+#r# ≈.....≈≈
#.#.#.'5@K# ....≈.≈≈..
####'#.#†#+#.#
#_.≈≈≈.≈..§.
#......#.#.#.#
#§....≈.≈≈..
#......#.#.#.#
#.≈≈≈.....≈≈
#....5.#.#.#.#
######≈≈≈...
#......#.#.#.#
#......#.#.#.##
####.#.#.#....#
####.#<#.#....#


You could see Grinder (ally target), a friendly worm (summoned), a friendly
quokka (summoned) and a friendly kobold (summoned).

Vanquished Creatures
  A scorpion (D:4)
  An orc priest (D:3)
  Jessica (D:2)
  Natasha (D:4)
  2 worms
  4 orcs
  7 ball pythons
  10 bats
  10 endoplasms
  3 giant cockroaches
  9 goblins
  6 hobgoblins
  2 jackals (D:1)
  3 kobolds
  2 quokkas (D:1)
  3 frilled lizards (D:1)
  4 rats
69 creatures vanquished.

Notes
Turn   | Place    | Note
-------+----------+-------------------------------------------
     0 | D:1      | horus123 the Human Reaver began the quest for the Orb.
     0 | D:1      | Reached XP level 1. HP: 16/16 MP: 3/3
   131 | D:1      | Reached XP level 2. HP: 22/22 MP: 3/5
   483 | D:1      | Reached XP level 3. HP: 23/27 MP: 7/7
  1254 | D:2      | Learned a level 2 spell: Momentum Strike
  1258 | D:2      | Learned a level 3 spell: Hailstorm
  1489 | D:2      | Reached XP level 4. HP: 33/33 MP: 9/9
  1969 | D:2      | Noticed Jessica
  1979 | D:2      | Killed Jessica
  2568 | D:3      | Reached XP level 5. HP: 27/38 MP: 11/11
  2831 | D:3      | Found a hazy altar of Hepliaklqana.
  3363 | D:4      | Found a shadowy altar of Dithmenos.
  3375 | D:4      | Reached XP level 6. HP: 8/44 MP: 12/12
  3436 | D:4      | Noticed Natasha
  3455 | D:4      | Killed Natasha
  3546 | D:4      | Found a hide-covered altar of Uskayaw.
  3546 | D:4      | Noticed Grinder
  3564 | D:4      | Paralysed by Grinder for 3 turns
  3604 | D:4      | Paralysed by Grinder for 2 turns
  3609 | D:4      | Paralysed by Grinder for 2 turns
  3613 | D:4      | Paralysed by Grinder for 2 turns
  3631 | D:4      | HP: 1/44 [Grinder (5)]
  3632 | D:4      | Slain by Grinder

Illustrated notes

Levels and vault maps discovered:
D:1:      mushboom_english_gardens, layout_loops_corners, hangedman_decor_push
D:2:      layout_basic, uniq_jessica
D:3:      layout_rooms, lemuel_coloured_pillars_altar
D:4:      layout_basic, kennysheep_mini, nicolae_overflow_hidden_temple,
          nicolae_uskayaw_suspiria, uniq_natasha, uniq_edmund, uniq_ijyb,
          uniq_crazy_yiuf_cottage, uniq_grinder

Skill      XL: |  1  2  3  4  5 |
---------------+----------------+-----
Spellcasting   | 3 4 |  4.3
Conjurations   | 4 |  4.9
Fighting       | |  2.0
Maces & Flails | |  3.0
Dodging        | |  2.0

Action                   |  1- 3 |  4- 6 || total
-------------------------+-------+-------++-------
Melee: Mace              |   130 |   135 ||   265
       Punch             |       |     2 ||     2
 Cast: Kiss of Death     |     1 |     1 ||     2
       Hailstorm         |       |     1 ||     1
Evoke: Wand              |       |     7 ||     7
  Use: Scroll            |     3 |     4 ||     7
       Potion            |       |     2 ||     2
 Stab: Sleeping          |     1 |       ||     1
Armor: Leather armour    |    49 |    36 ||    85
Dodge: Dodged            |    94 |    93 ||   187

Table legend: (Time is in decaauts)
 A = Elapsed time spent in this place.
 B = Non-inter-level travel time spent in this place.
 C = Inter-level travel time spent in this place.
 D = Time resting spent in this place.
 E = Time spent auto-exploring this place.
 F = Levels seen in this place.
 G = Mean time per level.
                   A        B        C        D        E       F      G
               +--------+--------+--------+--------+--------+-----+--------+
         Total |   3709 |   3629 |     80 |    648 |   2181 |   4 |  927.2 |
       Dungeon |   3709 |   3629 |     80 |    648 |   2181 |   4 |  927.2 |
               +--------+--------+--------+--------+--------+-----+--------+

Top non-repeatable levels by time:
     D:2: 1319 daAuts
     D:1: 1257 daAuts
     D:3: 786 daAuts
     D:4: 346 daAuts
